 Dungeon Crawl Stone Soup version 0.18.1-48-g4cf74bf (webtiles) character file.

172 dvd the Purveyor of Pain (level 5, -7/37 HPs)
             Began as a Demonspawn Necromancer on Aug 11, 2016.
             Was an Initiate of Kikubaaqudgha.
             Killed by divine providence
             ... invoked by an orc priest
              (13 damage)
             ... on level 4 of the Dungeon.
             The game lasted 00:09:10 (4210 turns).

dvd the Purveyor of Pain (Demonspawn Necromancer)   Turns: 4210, Time: 00:09:10

Health: -7/37      AC:  8    Str: 13    XL:     5   Next: 27%
Magic:  1/10       EV: 12    Int: 16    God:    Kikubaaqudgha [......]
Gold:   190        SH:  0    Dex: 12    Spells: 3 memorised, 3 levels left

rFire  . . .     SeeInvis .     i - +0 mace
rCold  . . .     Gourm    .     a - +0 robe
rNeg   . . .     Faith    .     (no shield)
rPois  .         Spirit   .     (no helmet)
rElec  .         Dismiss  .     (no cloak)
rCorr  .         Reflect  .     r - +1 pair of gloves
SustAt .         Harm     .     (no boots)
MR     .....                    l - amulet of rage
Stlth  ++........               (no ring)
                                t - +3 ring of strength

@: not resistant to hostile enchantments, unstealthy
A: rough black scales 1, spiny 1
a: Renounce Religion, Evoke Berserk Rage


You were on level 4 of the Dungeon.
You worshipped Kikubaaqudgha.
Kikubaaqudgha was noncommittal.
You were not hungry.

You visited 1 branch of the dungeon, and saw 4 of its levels.

You collected 190 gold pieces.

Inventory:

Hand Weapons
 e - a +0 dagger
 i - a +0 mace (weapon)
 x - a +0 long sword
Armour
 a - a +0 robe (worn)
 g - a +0 chain mail of cold resistance
 r - a +1 pair of gloves (worn)
Jewellery
 l - an amulet of rage (around neck)
 t - a +3 ring of strength (left hand)
Wands
 w - a wand of acid (12/15)
Scrolls
 d - 2 scrolls of random uselessness {unknown}
 h - a scroll of remove curse {unknown}
 k - 3 scrolls of identify {unknown}
 n - 3 scrolls of teleportation {unknown}
 p - 2 scrolls of blinking {unknown}
 q - a scroll of amnesia {unknown}
 y - a scroll of recharging {unknown}
Potions
 j - a potion of lignification {unknown}
 o - a potion of experience {unknown}
 s - a potion of heal wounds {unknown}
 u - a potion of might {unknown}
 v - 3 potions of curing {unknown}
 A - a potion of berserk rage {unknown}
Books
 b - a book of Necromancy

   Spells                             Type                      Level
   a - Pain                           Necromancy                   1
   b - Animate Skeleton               Necromancy                   1
   c - Vampiric Draining              Necromancy                   3
   d - Regeneration                   Charms/Necromancy            3
   e - Animate Dead                   Necromancy                   4
   f - Control Undead                 Necromancy                   4
Comestibles
 c - 5 bread rations
 f - 3 fruits
 m - a beef jerky
 z - a chunk of flesh


   Skills:
 + Level 1.0 Fighting
 + Level 0.3 Maces & Flails
 + Level 2.2 Dodging
 + Level 2.1 Stealth
 + Level 3.4 Spellcasting
 + Level 5.6 Necromancy


You had 3 spell levels left.
You knew the following spells:

 Your Spells              Type           Power        Failure   Level  Hunger
a - Pain                  Necr           ###.         1%          1    None
b - Vampiric Draining     Necr           ###.......   6%          3    ###....
c - Regeneration          Chrm/Necr      ##........   17%         3    ###....


Dungeon Overview and Level Annotations

Branches:
Dungeon (4/15)
 Temple: D:4-7

Altars:
Kikubaaqudgha
Pakellas

Annotations:
D:4 Trysia's ghost, amateur MiBe


Innate Abilities, Weirdness & Mutations

You are partially covered in rough black scales (AC +4, Dex -1).
You are partially covered in sharp spines.


Message History

The orc is severely wounded.
You feel life coursing into your body. The phantom hits you.
* * * LOW HITPOINT WARNING * * *
The phantom blinks!
Unknown command.
Casting: Vampiric Draining
Confirm with . or Enter, or press ? or * to list all spells.
Aiming: Vampiric Draining
Press: ? - help, Shift-Dir - straight line, f/p - orc
Aim: an orc, wielding a mace (severely wounded)
You kill the orc!
Kikubaaqudgha accepts your kill.
You feel life coursing into your body.
Unknown command.
You closely miss the orc. The orc hits you.
* * * LOW HITPOINT WARNING * * *
The orc priest invokes the aid of Beogh against you.
Beogh smites you!
You die...
Kikubaaqudgha rasps: "You have failed me!
Welcome... death!"

....................
#o..........)....
#.o.......#......
#...o##..###.....
#.........#...... #
##...>###....#.## ###.#
###....#......##
.....?######..#.....#....
........@ooW.............
......#####..............
..... .>###..........
###. ##.# #.......... #.
#.# #.......... #. ..#
#.......... # .##
#.......... # #..........
###########


You could see a phantom, an orc priest and an orc.

Vanquished Creatures
  A hound (D:3)
  5 adders
  A gnoll (D:3)
  4 worms
  3 dart slugs
  2 giant geckos (D:1)
  7 orcs
  4 bats
  4 giant cockroaches
  6 goblins
  10 hobgoblins
  3 kobolds
  2 quokkas
  3 ball pythons
  5 giant newts
  2 rats (D:3)
62 creatures vanquished.

Vanquished Creatures (others)
  A human (D:2)
1 creature vanquished.

Grand Total: 63 creatures vanquished

Notes
Turn   | Place    | Note
--------------------------------------------------------------
     0 | D:1      | dvd the Demonspawn Necromancer began the quest for the Orb.
     0 | D:1      | Reached XP level 1. HP: 13/13 MP: 3/3
   519 | D:1      | Gained mutation: You are partially covered in sharp spines. [demonic ancestry]
   519 | D:1      | Reached XP level 2. HP: 14/19 MP: 0/5
  1097 | D:1      | Reached skill level 5 in Necromancy
  1602 | D:2      | Reached XP level 3. HP: 6/24 MP: 1/6
  1822 | D:1      | Learned a level 3 spell: Vampiric Draining
  2107 | D:2      | Found an oddly glowing altar of Pakellas.
  2374 | D:2      | Learned a level 3 spell: Regeneration
  2768 | D:2      | Found an ancient bone altar of Kikubaaqudgha.
  2768 | D:2      | Noticed a human
  2771 | D:2      | Killed a human
  2772 | D:2      | Became a worshipper of Kikubaaqudgha
  2843 | D:3      | Reached XP level 4. HP: 23/31 MP: 4/8
  3961 | D:4      | Noticed Trysia's ghost (amateur MiBe)
  4096 | D:3      | Reached skill level 1 in Fighting
  4096 | D:3      | Gained mutation: You are partially covered in rough black scales (AC +4, Dex -1). [demonic ancestry]
  4096 | D:3      | Reached XP level 5. HP: 29/37 MP: 5/10
  4185 | D:4      | Noticed a phantom
  4210 | D:4      | Killed from afar by an orc priest

Skill      XL: |  1  2  3  4 |
---------------+-------------+-----
Dodging        | 2 |  2.2
Necromancy     | 5 |  5.6
Stealth        | 2 |  2.1
Spellcasting   | 3 |  3.4
Fighting       | 1 |  1.0
Maces & Flails | |  0.3

Action                   |  1- 3 |  4- 6 || total
-------------------------+-------+-------++-------
Melee: Dagger            |     1 |       ||     1
       Mace              |    20 |    26 ||    46
 Cast: Pain              |    62 |    19 ||    81
       Vampiric Draining |     2 |     5 ||     7
 Stab: Sleeping          |     1 |     2 ||     3
  Eat: Chunk             |     7 |     4 ||    11
Armor: Robe              |     2 |     6 ||     8
Dodge: Dodged            |    14 |    21 ||    35
